 Dungeon Crawl Stone Soup version 0.25-a0-399-gcf1075a (webtiles) character file.

Game seed: 13667536256401128739, levelgen mode: deterministic

4402 Firecrotchwizard the Fighter (level 10, -1/111 HPs)
             Began as an Ogre Berserker on Jan 9, 2020.
             Was an Elder of Trog.
             Succumbed to a hornet's poison
             ... on level 8 of the Dungeon.
             The game lasted 00:18:45 (7884 turns).

Firecrotchwizard the Fighter (Ogre Berserker)       Turns: 7884, Time: 00:18:45

Health: -1/111     AC:  6    Str: 26    XL:     10   Next: 35%
Magic:  10/10      EV: 20    Int:  8    God:    Trog [****..]
Gold:   370        SH:  6    Dex: 13    Spells: 9/9 levels left

rFire    . . .     SeeInvis .   p - +6 flail of Unpleasantness {freeze, MR+}
rCold    + . .     Gourm    .   (no shield)
rNeg     . . .     Faith    .   w - +2 robe of Plog {Regen+}
rPois    .         Spirit   .   (helmet restricted)
rElec    .         Reflect  +   d - +0 cloak
rCorr    .         Harm     .   (gloves unavailable)
MR       ++...                  (boots unavailable)
Stlth    ++........             v - +6 amulet of reflection
HPRegen  0.68/turn              t - +5 ring of evasion
MPRegen  0.12/turn              k - ring of protection from cold {rC+, !d}

@: agile, lethally poisoned (-1 -> -14), berserk cooldown, slowed, very slow
A: large, unfitting armour, tough skin 1
a: Berserk, Trog's Hand, Brothers in Arms, Renounce Religion


You were on level 8 of the Dungeon.
You worshipped Trog.
Trog was greatly pleased with you.
You were hungry.

You visited 1 branch of the dungeon, and saw 8 of its levels.

You collected 370 gold pieces.

Inventory:

Hand Weapons
 o - a +0 flail
   (You found it on level 3 of the Dungeon)
 p - the +6 flail of Unpleasantness (weapon) {freeze, MR+}
   (You found it on level 7 of the Dungeon)

   It has been specially enchanted to freeze those struck by it, causing extra
   injury to most foes and up to half again as much damage against particularly
   susceptible opponents.
   It can also slow down cold-blooded creatures.
   It affects your resistance to hostile enchantments.
 D - a +0 giant spiked club
   (You took it off an ogre on level 6 of the Dungeon)
Missiles
 z - 4 large rocks (quivered) {!d}
Armour
 d - a +0 cloak (worn)
   (You found it on level 1 of the Dungeon)
 w - the +2 robe of Plog (worn) {Regen+}
   (You found it on level 4 of the Dungeon)

   It increases your rate of regeneration.
Jewellery
 k - a ring of protection from cold (right hand) {rC+, !d}
   (You found it on level 1 of the Dungeon)
 l - an uncursed ring of ice {rC+, rF-}
   (You found it on level 2 of the Dungeon)
 t - a +5 ring of evasion (left hand)
   (You found it on level 4 of the Dungeon)
 u - a +3 ring of intelligence {unknown}
   (You found it on level 7 of the Dungeon)
 v - a +6 amulet of reflection (around neck)
   (You found it on level 4 of the Dungeon)
 E - an uncursed amulet of rage {+Rage, !d}
   (You took it off an orc on level 8 of the Dungeon)
Wands
 s - a wand of polymorph (7)
   (You found it on level 3 of the Dungeon)
 x - a wand of random effects (15)
   (You found it on level 4 of the Dungeon)
 y - a wand of disintegration (7)
   (You found it on level 6 of the Dungeon)
 C - a wand of paralysis (6)
   (You found it on level 8 of the Dungeon)
Scrolls
 g - 4 scrolls of remove curse
 h - 9 scrolls of identify
 i - 3 scrolls of blinking {unknown}
 j - 3 scrolls of amnesia {unknown}
 m - 3 scrolls of teleportation {unknown}
Potions
 a - 2 potions of resistance {unknown}
 b - a potion of degeneration {unknown}
 e - a potion of agility
 f - a potion of berserk rage {unknown}
 n - 2 potions of curing {unknown}
 r - a potion of haste
 A - a potion of cancellation {unknown}
 B - a potion of brilliance {unknown}
Comestibles
 c - 14 rations
 q - 7 chunks of flesh {@w0}


   Skills:
 + Level 10.4 Fighting
 * Level 10.0 Maces & Flails
 + Level 7.3 Throwing
 - Level 2.6 Dodging


You had 9 spell levels left.
You didn't know any spells.
Your spell library was empty.

Dungeon Overview and Level Annotations

Branches:
Dungeon (8/15)             Temple (0/1) D:5
   Lair: D:8-11

Altars:
Ashenzari
Ru
Yredelemnul

Shops:
D:7 =

Annotations:
D:4 1 runed translucent door, Crazy Yiuf
D:5 exclusion: door


Innate Abilities, Weirdness & Mutations

You are too large for most types of armour.
You have tough skin. (AC +1)


Message History

Items here: )) [[ ÷÷ a +0 flail; a +0 leather armour; a cursed +0 flail; a +0 ring mail an orc skeleton x2
You regained 2 hp, and now have 30/110 hp.
Items here: ( )) [[ ††† You butcher the orc corpse.
q - 8 chunks of flesh {@w0} (gained 1)
Items here: ( )) [[ ÷ †† You regained 2 hp, and now have 32/110 hp.
You start resting.
Eating one of 8 chunks of flesh {@w0}.
You eat one of the 8 chunks of flesh {@w0}.
A hornet comes into view.
You regained 17 hp, and now have 51/110 hp.
A hornet is nearby!
The hornet buzzes angrily.
Throwing (i - inventory)
z - 5 large rocks (quivered)
{!d}
Aim: a hornet You throw a large rock {!d}.
The large rock {!d} hits the hornet!!
The hornet stings you!
You are poisoned.
You feel yourself slow down.
You take 6 damage, and have 47/110 hp.
You completely miss the hornet.
You feel yourself speed up.
You feel sick. The hornet stings you!
You are more poisoned.
You suddenly lose the ability to move!
The hornet stings you.
You feel yourself slow down.
You feel sick.
The hornet stings you but does no damage.
You can move again.
You take 13 damage, and have 34/110 hp.
Unknown command.
You hit the hornet but do no damage.
You feel yourself speed up.
You feel sick. You block the hornet's attack. The hornet misses you.
You take 1 damage, and have 33/110 hp.
You barely miss the hornet.
You feel sick. The hornet stings you.
* * * LOW HITPOINT WARNING * * *
You are more poisoned.
You feel yourself slow down. The hornet stings you.
* * * LOW HITPOINT WARNING * * *
You are more poisoned.
You feel as though you will be slow longer.
You take 8 damage, and have 25/110 hp.
Unknown command.
Okay, then.
A red film seems to cover your vision as you go berserk!
You feel yourself moving faster!
You feel mighty!
You are feeling hungry.
You feel very sick. The hornet stings you.
* * * LOW HITPOINT WARNING * * *
You are more poisoned.
You feel as though you will be slow longer.
The hornet stings you!
* * * LOW HITPOINT WARNING * * *
You feel as though you will be slow longer.
You now have 16/165 hp.
You barely miss the hornet.
* * * LOW HITPOINT WARNING * * *
You feel very sick. You block the hornet's attack.
You take 2 damage, and have 14/165 hp.
Unknown command.
You sock the hornet! You freeze the hornet.
You feel the power of Trog in you as your rage grows.
You kill the hornet!
Trog accepts your kill.
Your Maces & Flails skill increases to level 10!
* * * LOW HITPOINT WARNING * * *
You feel very sick.
You take 2 damage, and have 12/166 hp.
Unknown command.
You are too berserk!
You are too berserk!
* * * LOW HITPOINT WARNING * * *
You feel very sick.
You take 3 damage, and have 9/166 hp.
You feel a strong urge to attack something.
* * * LOW HITPOINT WARNING * * *
You feel sick.
You take 2 damage, and have 7/166 hp.
* * * LOW HITPOINT WARNING * * *
You feel very sick.
You take 2 damage, and have 5/166 hp.
You feel your anger nearly subside.
You are no longer berserk.
You are exhausted.
You feel as though you will be slow longer.
* * * LOW HITPOINT WARNING * * *
You feel very sick.
You now have 1/111 hp.
Okay, then.
Okay, then.
Okay, then.
Okay, then.
It was a potion of agility.
You feel agile all of a sudden.
You die...

#.........# #.........#
#.........# #.).).....#
......##'#y##### .....
#.#)# .... #.#.# ...
..#.######### ..
###.(.†@....############
. #########............#
#............#
#............#
#............#
#.#.......####
#.#...........
#.#...........
#.#...........


There were no monsters in sight!

Vanquished Creatures
  A hornet (D:8)
  Sigmund (D:6)
  4 humans (D:6)
  4 yaks (D:5)
  Menkaure (D:4)
  Duvessa (D:7)
  A water moccasin (D:5)
  2 orc warriors
  A black bear (D:7)
  An ice beast (D:5)
  A phantom (D:8)
  A sky beast (D:6)
  4 ogres
  A bullfrog (D:6)
  A wyvern zombie (D:7)
  Dowan (D:7)
  9 killer bees
  3 howler monkeys (D:8)
  A bullfrog zombie (D:5)
  A centaur zombie (D:6)
  3 crimson imps (D:6)
  A hound (D:4)
  A jelly (D:5)
  6 orc wizards
  5 orc priests
  A bullfrog skeleton (D:6)
  A centaur skeleton (D:8)
  Jessica (D:2)
  2 iguanas
  Natasha (twice) (D:2)
  A worker ant (D:4)
  A worker ant zombie (D:6)
  4 gnolls (D:3)
  10 adders
  A shadow imp (D:7)
  An ooze (D:2)
  2 adder zombies (D:5)
  An adder skeleton (D:5)
  4 worms
  4 dart slugs
  3 leopard geckos
  27 orcs
  8 bats
  7 giant cockroaches
  5 goblins
  7 hobgoblins
  10 jackals
  7 quokkas
  4 frilled lizards
  9 kobolds
  A quokka skeleton (D:5)
  7 rats
187 creatures vanquished.

Notes
Turn   | Place    | Note
-------+----------+-------------------------------------------
     0 | D:1      | Firecrotchwizard the Ogre Berserker began the quest for the
                  | Orb.
     0 | D:1      | Reached XP level 1. HP: 24/24 MP: 1/1
   128 | D:1      | Reached XP level 2. HP: 23/32 MP: 2/2
   228 | D:1      | Reached skill level 3 in Maces & Flails
   337 | D:1      | Reached skill level 1 in Throwing
   422 | D:1      | Reached XP level 3. HP: 40/40 MP: 3/3
   916 | D:2      | Noticed Natasha
   932 | D:2      | HP: 14/60 [Natasha (4)]
   933 | D:2      | Killed Natasha
  1192 | D:2      | Reached XP level 4. HP: 49/49 MP: 4/4
  1464 | D:2      | Reached ** piety under Trog
  1472 | D:2      | Noticed Natasha
  1482 | D:2      | Killed Natasha
  1482 | D:2      | Reached skill level 5 in Fighting
  1482 | D:2      | Reached skill level 4 in Maces & Flails
  1482 | D:2      | Reached skill level 2 in Throwing
  1586 | D:2      | Reached XP level 5. HP: 57/57 MP: 5/5
  1680 | D:2      | HP: 13/57 [worm (6)]
  2096 | D:2      | Noticed Jessica
  2103 | D:2      | Killed Jessica
  2698 | D:3      | Found a sacrificial altar of Ru.
  3353 | D:4      | Reached XP level 6. HP: 59/66 MP: 6/6
  3383 | D:4      | Found a basalt altar of Yredelemnul.
  3537 | D:4      | Got a colourful robe
  3699 | D:4      | Identified the +2 robe of Plog {Regen+} (You found it on
                  | level 4 of the Dungeon)
  3818 | D:4      | Reached skill level 5 in Maces & Flails
  3818 | D:4      | Reached skill level 3 in Throwing
  3941 | D:4      | Reached skill level 6 in Fighting
  3989 | D:4      | Reached XP level 7. HP: 75/75 MP: 7/7
  3995 | D:4      | Noticed Menkaure
  4007 | D:4      | HP: 27/112 [??? (25)]
  4009 | D:4      | Killed Menkaure
  4141 | D:4      | You fall into a shaft and drop 2 floors!
  4190 | D:6      | Noticed a human
  4216 | D:6      | Killed a human
  4216 | D:6      | Reached skill level 6 in Maces & Flails
  4243 | D:5      | Entered Level 5 of the Dungeon
  4314 | D:5      | Reached skill level 7 in Fighting
  4314 | D:5      | Reached skill level 4 in Throwing
  4314 | D:5      | Reached XP level 8. HP: 78/87 MP: 8/8
  4386 | D:5      | Found a staircase to the Ecumenical Temple.
  4400 | D:5      | Reached *** piety under Trog
  4802 | D:5      | Noticed a yak
  4802 | D:5      | Noticed a yak
  4851 | D:4      | Found a runed translucent door.
  4852 | D:4      | Noticed Crazy Yiuf
  5128 | D:5      | Noticed a yak
  5128 | D:5      | Noticed a yak
  5309 | D:5      | Killed a yak
  5318 | D:5      | Killed a yak
  5318 | D:5      | Reached skill level 7 in Maces & Flails
  5338 | D:5      | Killed a yak
  5338 | D:5      | Reached skill level 8 in Fighting
  5338 | D:5      | Reached skill level 5 in Throwing
  5342 | D:5      | Killed a yak
  5452 | D:6      | Reached XP level 9. HP: 97/97 MP: 9/9
  5495 | D:6      | Reached skill level 8 in Maces & Flails
  5664 | D:6      | Found a shattered altar of Ashenzari.
  5694 | D:6      | Noticed Sigmund
  5715 | D:6      | Killed Sigmund
  5762 | D:6      | Reached skill level 9 in Fighting
  5762 | D:6      | Reached skill level 6 in Throwing
  6153 | D:6      | Reached **** piety under Trog
  6161 | D:6      | HP: 24/98 [killer bee (4)]
  6166 | D:6      | HP: 27/147 [poisoned by a killer bee]
  6169 | D:6      | Reached skill level 9 in Maces & Flails
  6171 | D:6      | HP: 25/150 [poisoned by a killer bee]
  6176 | D:6      | HP: 14/100 [poisoned by a killer bee]
  6181 | D:6      | HP: 13/100 [poisoned by a killer bee]
  6187 | D:6      | HP: 15/100 [poisoned by a killer bee]
  6194 | D:6      | HP: 19/100 [poisoned by a killer bee]
  6823 | D:7      | Found Bineb's Jewellery Boutique.
  6994 | D:7      | Reached XP level 10. HP: 110/110 MP: 10/10
  6998 | D:7      | Got a bloodstained flail
  6999 | D:7      | Identified the +6 flail of Unpleasantness {freeze, MR+}
                  | (You found it on level 7 of the Dungeon)
  7318 | D:7      | Noticed Duvessa
  7319 | D:7      | Noticed Dowan
  7324 | D:7      | Killed Duvessa
  7324 | D:7      | Reached skill level 10 in Fighting
  7328 | D:7      | Killed Dowan
  7465 | D:8      | Reached skill level 7 in Throwing
  7823 | D:8      | HP: 25/110 [orc priest/divine providence (14)]
  7873 | D:8      | Paralysed by a hornet for 2 turns
  7876 | D:8      | HP: 25/110 [hornet (4)]
  7879 | D:8      | Reached skill level 10 in Maces & Flails
  7879 | D:8      | HP: 12/166 [poisoned by a hornet]
  7882 | D:8      | HP: 5/166 [poisoned by a hornet]
  7883 | D:8      | HP: 1/111 [poisoned by a hornet]
  7884 | D:8      | Succumbed to a hornet's poison

Levels and vault maps discovered:
D:1:      dpeg_arrival_court, layout_loops_ring, hex_tiny, roderic_roman_lattice
D:2:      layout_loops_cross, minivault_25, minmay_heptomino_l4, uniq_jessica,
          uniq_natasha
D:3:      layout_basic, nicolae_ru_awakened_eye
D:4:      layout_cave_pools, old_standard_altar, first_ration,
          uniq_crazy_yiuf_cottage, uniq_menkaure
D:5:      layout_gridville, minmay_temple_entry_large_hall
D:6:      layout_loops_corners, basic_altar, minmay_ruffians, uniq_sigmund
D:7:      layout_loops_ring, serial_shops, shop, uniq_duvessa
D:8:      layout_basic, kennysheep_pointless_box

Skill      XL: |  1  2  3  4  5  6  7  8  9 10 |
---------------+-------------------------------+-----
Maces & Flails | 3 4 5 6 7 9 10 | 10.0
Throwing       | 1 2 3 4 5 6 7 |  7.3
Fighting       | 5 6 7 8 9 10 | 10.4
Dodging        | |  2.6

Action                   |  1- 3 |  4- 6 |  7- 9 | 10-12 || total
-------------------------+-------+-------+-------+-------++-------
Melee: Mace              |    81 |   102 |       |       ||   183
       Flail             |       |   111 |   416 |    74 ||   601
Throw: Large rock        |       |       |     4 |     1 ||     5
Invok: Berserk           |     1 |     2 |     3 |     1 ||     7
       Trog's Hand       |       |       |     2 |       ||     2
Evoke: Wand              |       |       |     1 |     2 ||     3
  Use: Scroll            |       |     2 |       |       ||     2
       Potion            |       |       |       |     1 ||     1
 Stab: Sleeping          |     1 |       |       |       ||     1
       Paralysed         |       |       |       |     5 ||     5
  Eat: Chunk             |     2 |    11 |    10 |     3 ||    26
       Ration            |       |       |     1 |       ||     1
Armor: Animal skin       |    38 |    30 |       |       ||    68
       Robe              |       |    34 |    61 |    10 ||   105
Dodge: Dodged            |    31 |   141 |   186 |    30 ||   388
Block: Other             |       |     2 |    94 |    17 ||   113
       Reflection        |       |       |     1 |       ||     1

Table legend:
 A = Non-vault XP
 B = Vault XP
 C = Vault XP percentage of total XP
 D = Non-vault monster count
 E = Vault monster count
 F = Vault count percentage of total count
                 A         B        C        D         E       F
            +---------+---------+-------+---------+---------+-------
      Total |    4866 |    1423 |  22.6 |     174 |      13 |   7.0
            +---------+---------+-------+---------+---------+-------
        D:1 |      43 |       0 |   0.0 |      24 |       0 |   0.0
        D:2 |      99 |      79 |  44.4 |      24 |       5 |  17.2
        D:3 |      90 |       0 |   0.0 |      14 |       0 |   0.0
        D:4 |     319 |     172 |  35.0 |      19 |       1 |   5.0
        D:5 |    1243 |       0 |   0.0 |      19 |       0 |   0.0
        D:6 |    1435 |     947 |  39.8 |      43 |       5 |  10.4
        D:7 |     418 |     225 |  35.0 |       8 |       2 |  20.0
        D:8 |    1219 |       0 |   0.0 |      23 |       0 |   0.0
            +---------+---------+-------+---------+---------+-------

Levels and vault maps discovered:
D:1:      dpeg_arrival_court, layout_loops_ring, hex_tiny, roderic_roman_lattice
D:2:      layout_loops_cross, minivault_25, minmay_heptomino_l4, uniq_jessica,
          uniq_natasha
D:3:      layout_basic, nicolae_ru_awakened_eye
D:4:      layout_cave_pools, old_standard_altar, first_ration,
          uniq_crazy_yiuf_cottage, uniq_menkaure
D:5:      layout_gridville, minmay_temple_entry_large_hall
D:6:      layout_loops_corners, basic_altar, minmay_ruffians, uniq_sigmund
D:7:      layout_loops_ring, serial_shops, shop, uniq_duvessa
D:8:      layout_basic, kennysheep_pointless_box

Table legend:
 A = Turns spent in this place as a percentage of turns spent in the entire game.
 B = Non-inter-level travel turns spent in this place as a percentage of non-inter-level travel turns spent in the entire game.
 C = Inter-level travel turns spent in this place as a percentage of turns spent in this place.
 D = Turns resting spent in this place as a percentage of non-inter-level travel turns spent in this place.
 E = Turns spent auto-exploring this place as a percentage of non-inter-level travel turns spent in this place.
 F = Non-inter-level travel turns spent in this place divided by the number of levels of this place that you've seen.
                   A       B       C       D       E      F
               +-------+-------+-------+-------+-------+----------------------
         Total | 100.0 | 100.0 |   4.1 |  24.4 |  53.5 | 944.6
       Dungeon | 100.0 | 100.0 |   4.1 |  24.4 |  53.5 | 944.6
               +-------+-------+-------+-------+-------+----------------------

Table legend:
 A = Kills in this place as a percentage of kills in entire the game.
 B = Kills by you in this place as a percentage of kills by you in the entire game.
 C = Kills by friends in this place as a percentage of kills by friends in the entire game.
 D = Other kills in this place as a percentage of other kills in the entire game.
 E = Experience gained in this place as a percentage of experience gained in the entire game.
 F = Experience gained in this place divided by the number of levels of this place that you have seen.
                   A       B       C       D       E      F
               +-------+-------+-------+-------+-------+----------------------
         Total | 100.0 | 100.0 |   N/A |   N/A | 100.0 | 786.1
       Dungeon | 100.0 | 100.0 |   N/A |   N/A | 100.0 | 786.1
               +-------+-------+-------+-------+-------+----------------------
